 Dungeon Sprint DCSS version 0.28-a0-313-gbc0475efdd (webtiles) character file.

Game seed: 9074850243801965785

1827 Ankalagon the Blocker (level 9, 0/55 HPs)
             Began as a Gargoyle Fighter on Aug 31, 2021.
             Was a Follower of Hepliaklqana.
             Slain by a tentacle (19 damage)
             ... attached to a kraken
             ... in the Dungeon (Sprint II: "The Violet Keep of Menkaure").
             The game lasted 00:05:26 (1176 turns).

Ankalagon the Blocker (Gargoyle Fighter)            Turns: 1176, Time: 00:05:27

Health: 0/55       AC: 19    Str: 18 (19) XL:     9   Next: 11%
Magic:  9/9        EV:  9    Int:  8      God:    Hepliaklqana [*.....]
Gold:   157        SH: 12    Dex: 12      Spells: 8/8 levels left

rFire   . . .      SeeInvis .   a - +0 flail (elec)
rCold   . . .      Faith    .   c - +0 kite shield
rNeg    + . .      Spirit   .   b - +0 scale mail
rPois   ∞          Reflect  .   (helmet restricted)
rElec   +          Harm     .   (no cloak)
rCorr   .          Rampage  +   d - +3 pair of gloves of Levity {Rampage}
Will    .....      NoTele   +   (no boots)
Stlth   ..........              (no amulet)
HPRegen 0.18/turn               (no ring)
MPRegen 0.11/turn               (no ring)

@: flying
A: reduced essence, sickness immunity, AC +6, negative energy resistance 1,
electricity resistance, torment resistance 1, petrification resistance, antennae
1, big wings, deterioration 1, mutation resistance 1, screaming 1, weak 1
a: Renounce Religion, Recall Ancestor, Ancestor Identity


You were in the Dungeon.
You worshipped Hepliaklqana.
Hepliaklqana was aware of your devotion.
You visited 1 branch You collected 859 gold pieces.
You spent 702 gold pieces at shops.

Inventory:

Hand Weapons
 a - a +0 flail of electrocution (weapon)
Armour
 b - a +0 scale mail (worn)
 c - a +0 kite shield (worn)
 d - the +3 pair of gloves of Levity (worn) {Rampage}
   (You bought it in a shop in the Dungeon)

   Rampage:   It bestows one free step when moving towards enemies.
 n - a +2 pair of gloves of stealth
Jewellery
 f - a ring of protection from fire
 g - a ring of magical power
Scrolls
 i - a scroll of fear {unknown}
 j - 2 scrolls of blinking
 k - a scroll of torment {unknown}
 l - a scroll of amnesia {unknown}
 o - a scroll of magic mapping {unknown}
 r - 2 scrolls of enchant armour {unknown}
 t - a scroll of silence
Potions
 e - 3 potions of curing
 h - 5 potions of magic
 q - 3 potions of resistance
 s - 3 potions of flight
 u - a potion of lignification


   Skills:
 - Level 9.8 Fighting
 + Level 11.4 Maces & Flails
 - Level 9.8 Armour
 + Level 12.6 Shields


You had 8 spell levels left.
You didn't know any spells.
Your spell library contained the following spells:

 Spells                   Type           Power      Damage    Failure   Level
 Ensorcelled Hibernation  Hex/Ice        0%         N/A       93%         2
 Ozocubu's Armour         Ice            0%         N/A       99%         3
 Spider Form              Tmut/Pois      0%         N/A       99%         3
 Ozocubu's Refrigeration  Ice            0%         4d5       100%        7


Dungeon Overview and Level Annotations

Branches:
Dungeon (1/1)

Altars:
Cheibriados
Dithmenos
Elyvilon
Fedhas
Gozag
Hepliaklqana
Kikubaaqudgha
Makhleb
Nemelex Xobeh
Okawaru
Qazlal
Ru
Sif Muna
Trog
Uskayaw
Vehumet
Wu Jian
Xom
Yredelemnul
Zin
The Shining One
Beogh
Jiyva
Lugonu

Shops:
D ([::([?!=(![(=?

Annotations:
D exclusion: oklob plant, Roxanne


Innate Abilities, Weirdness & Mutations

Your life essence is reduced to manifest your ancestor. (-10% HP)
You are immune to sickness and miasma.
Your stone body is resilient. (AC +6)
You are immune to poison.
You resist negative energy. (rN+)
You are resistant to electric shocks. (rElec)
You are resistant to unholy torment.
You are immune to petrification.
You have a pair of small antennae on your head.
Your large and strong wings let you fly.
Your body sometimes deteriorates upon taking damage.
You are somewhat resistant to further mutation.
You occasionally shout uncontrollably at your foes.
You are weak. (Str -2)


Message History

Your body deteriorates!
You feel weakened. You block the tentacle's attack.
Your scale mail prevents you from hitting the tentacle.
The tentacle is almost dead.
You block the tentacle's attack.
You sock the tentacle!
You kill the tentacle!
You block the tentacle's attack.
You sock the tentacle!
The tentacle is moderately wounded.
The tentacle slaps you but does no damage.
You hit the tentacle but do no damage.
The tentacle is moderately wounded.
You block the tentacle's attack.
You sock the tentacle!
The tentacle is heavily wounded.
The tentacle closely misses you. You block the tentacle's attack.
You sock the tentacle!
The tentacle is severely wounded.
The tentacle slaps you.
You sock the tentacle!
The tentacle is almost dead.
The tentacle slaps you.
A tentacle rises from the water!
You block the tentacle's attack.
You barely miss the tentacle.
The tentacle is almost dead.
The tentacle barely misses you.
You sock the tentacle! Lightning courses through the tentacle!
You kill the tentacle!
The tentacle slaps you. The tentacle closely misses you.
You are too injured to fight recklessly!
You are too injured to fight recklessly!
You are too injured to fight recklessly!
You are too injured to fight recklessly!
You hit the tentacle but do no damage.
The tentacle slaps you but does no damage.
You hit the tentacle. Lightning courses through the tentacle!
The tentacle is moderately wounded.
The tentacle slaps you! The tentacle slaps you!!
You die...

#=|▓.[.((..(▓▓
#|)▓.....)..▓▓
+.####}"▓[(...[..▓▓
...####▓[.)...((▓▓
#^.##.#▓....(.).▓▓
+..#..#▓....)!()▓▓
#..#..#▓[.[...).▓▓
###..##.#▓((()...R▓▓
.###...##▓▓▓▓▓▓▓@▓▓▓▓+▓
...≈)†≈≈≈≈≈≈≈†≈≈.w─X≈≈▓
...≈#'########'###.ww≈▓
≈..≈#.._.....#≈§§##≈≈≈▓
≈≈.≈#._._....#≈§§§####▓
≈≈§≈#_._._...#§≈≈≈≈#
≈§≈≈#._._._..#≈≈≈§≈§#
§≈≈≈#_._._._.#§§≈≈§§+
##≈≈#._._._._#§§≈≈§


You could see the friendly Servia the ancestor, a kraken and 3 tentacles.

Vanquished Creatures
  A yaktaur (D)
  A polar bear (D)
  2 wyverns (D)
  4 neqoxecs (D)
  Menkaure (D)
  2 water moccasins (D)
  3 worms (D)
  2 tentacles (D)
16 creatures vanquished.

Vanquished Creatures (others)
  2 polar bears (D)
  A hornet (D)
  A water moccasin (D)
  An ancestor (D)
  8 tentacles (D)
13 creatures vanquished.

Grand Total: 29 creatures vanquished

Notes
Turn   | Place    | Note
-------+----------+-------------------------------------------
     0 | D        | Ankalagon the Gargoyle Fighter began the quest for the Orb.
     0 | D        | Reached XP level 1. HP: 14/14 MP: 1/1
     1 | D        | Noticed a neqoxec
     1 | D        | Noticed a neqoxec
     1 | D        | Noticed a neqoxec
     1 | D        | Noticed a neqoxec
     2 | D        | Gained mutation: You are weak. (Str -2) [a neqoxec]
     9 | D        | Gained mutation: Your body sometimes deteriorates upon
                  | taking damage. [a neqoxec]
    10 | D        | Killed a neqoxec
    11 | D        | Reached skill level 5 in Maces & Flails
    11 | D        | Reached skill level 6 in Shields
    11 | D        | Reached XP level 2. HP: 16/22 MP: 2/2
    11 | D        | Reached XP level 3. HP: 20/27 MP: 3/3
    11 | D        | Reached XP level 4. HP: 24/32 MP: 4/4
    11 | D        | Reached XP level 5. HP: 27/36 MP: 5/5
    15 | D        | Gained mutation: You occasionally shout uncontrollably at
                  | your foes. [a neqoxec]
    19 | D        | Gained mutation: You have hidden genetic potential. [a
                  | neqoxec]
    20 | D        | Gained mutation: Your spells are a little easier to cast,
                  | but a little less powerful. [a neqoxec]
    25 | D        | Gained mutation: Your body often deteriorates upon taking
                  | damage. [a neqoxec]
    29 | D        | Killed a neqoxec
    30 | D        | Reached skill level 7 in Shields
    30 | D        | Reached XP level 6. HP: 29/44 MP: 6/6
    30 | D        | Gained mutation: You have a pair of small antennae on your
                  | head. [hidden potential]
    32 | D        | Killed a neqoxec
    33 | D        | Reached skill level 8 in Shields
    37 | D        | Killed a neqoxec
    38 | D        | Reached XP level 7. HP: 25/50 MP: 7/7
    44 | D        | Noticed a boulder beetle
    44 | D        | Noticed a boulder beetle
    47 | D        | Noticed a wyvern
    47 | D        | Noticed a wyvern
    57 | D        | Killed a wyvern
    58 | D        | Reached skill level 9 in Shields
    59 | D        | Gained mutation: You are partially covered in iridescent
                  | scales. (AC +2) [hidden potential]
    59 | D        | Lost mutation: You have hidden genetic potential. [hidden
                  | potential expressed]
    61 | D        | Killed a wyvern
   380 | D        | Found Xostyatz's Magic Scroll Shop.
   380 | D        | Found Uvoqah's Jewellery Boutique.
   380 | D        | Found Peinkiopov's Antique Armour Shop.
   380 | D        | Found Jedamip's Weapon Boutique.
   380 | D        | Found Jagifij's Distillery.
   380 | D        | Found Enyrass's Jewellery Shop.
   381 | D        | Found Ukah's Distillery.
   382 | D        | Found Kinipary's Magic Scroll Shop.
   382 | D        | Found Bivvah's Antique Armour Boutique.
   383 | D        | Found Pobuq's Weapon Boutique.
   384 | D        | Found Nuemobb's Weapon Shop.
   384 | D        | Found Moggash's Book Boutique.
   384 | D        | Noticed Menkaure
   384 | D        | Noticed an oklob plant
   385 | D        | Found Roas's Antique Armour Shop.
   385 | D        | Found Umesuir's Antique Weapon Boutique.
   385 | D        | Found Elyggeuh's Book Shoppe.
   385 | D        | Noticed a yak
   386 | D        | Noticed a yak
   388 | D        | Noticed a yak
   400 | D        | Killed Menkaure
   401 | D        | Reached skill level 10 in Shields
   401 | D        | Reached XP level 8. HP: 18/57 MP: 8/8
   612 | D        | Noticed an ice dragon
   629 | D        | Bought a scroll of brand weapon for 260 gold pieces
   634 | D        | Bought a pair of dazzling gloves for 218 gold pieces
   634 | D        | Identified the +3 pair of gloves of Levity {Rampage} (You
                  | bought it in a shop in the Dungeon)
   641 | D        | Bought a potion of invisibility for 112 gold pieces
   641 | D        | Bought a potion of mutation for 112 gold pieces
   641 | D        | Lost mutation: Your body often deteriorates upon taking
                  | damage. [potion of mutation]
   641 | D        | Lost mutation: You are partially covered in iridescent
                  | scales. (AC +2) [potion of mutation]
   641 | D        | Lost mutation: Your spells are a little easier to cast, but
                  | a little less powerful. [potion of mutation]
   641 | D        | Gained mutation: Your large and strong wings let you fly.
                  | [potion of mutation]
   641 | D        | Gained mutation: You are somewhat resistant to further
                  | mutation. [potion of mutation]
   661 | D        | Identified Roxanne's Volume of Earth
   661 | D        | Noticed Roxanne
   670 | D        | Found a stormy altar of Qazlal.
   670 | D        | Found an ornate altar of the Wu Jian Council.
   670 | D        | Found a glowing golden altar of the Shining One.
   671 | D        | Found a hazy altar of Hepliaklqana.
   671 | D        | Found a sacrificial altar of Ru.
   671 | D        | Found a shimmering altar of Xom.
   672 | D        | Found a viscous altar of Jiyva.
   672 | D        | Found a shimmering blue altar of Sif Muna.
   672 | D        | Found a basalt altar of Yredelemnul.
   673 | D        | Found a snail-covered altar of Cheibriados.
   673 | D        | Found an ancient bone altar of Kikubaaqudgha.
   673 | D        | Found a bloodstained altar of Trog.
   677 | D        | Found a shadowy altar of Dithmenos.
   677 | D        | Found a corrupted altar of Lugonu.
   688 | D        | Found a white marble altar of Elyvilon.
   688 | D        | Found a burning altar of Makhleb.
   689 | D        | Found a blossoming altar of Fedhas.
   690 | D        | Noticed a polar bear
   691 | D        | Found an opulent altar of Gozag.
   691 | D        | Found a hide-covered altar of Uskayaw.
   691 | D        | Found a sparkling altar of Nemelex Xobeh.
   691 | D        | Noticed a hornet
   691 | D        | Noticed a polar bear
   692 | D        | Found a glowing silver altar of Zin.
   692 | D        | Found a radiant altar of Vehumet.
   692 | D        | Found an iron altar of Okawaru.
   692 | D        | Noticed a yaktaur
   692 | D        | Noticed a polar bear
   697 | D        | Became a worshipper of Hepliaklqana the Forgotten
   705 | D        | Killed a hornet
   707 | D        | Killed a polar bear
   715 | D        | Killed a polar bear
   723 | D        | Killed a yaktaur
   724 | D        | Reached skill level 10 in Maces & Flails
   724 | D        | Reached skill level 11 in Shields
   976 | D        | Killed a polar bear
   977 | D        | Reached skill level 12 in Shields
   982 | D        | Reached * piety under Hepliaklqana
   987 | D        | Noticed a kraken
  1009 | D        | Reached XP level 9. HP: 42/55 MP: 9/9
  1176 | D        | Slain by a tentacle

Illustrated notes

Levels and vault maps discovered:
D:        the_violet_keep_of_menkaure [sprint2_stairs_cluster_1,
          sprint2_shoproom, sprint2_temple, sprint2_basic_supplies,
          sprint2_obstacle_6, sprint2_obstacle_4, sprint2_obstacle_1,
          sprint2_obstacle_5, sprint2_obstacle_7, sprint2_timed_cluster_1,
          sprint2_smallroom_cluster_1, sprint2_smallroom_final_cluster_1,
          sprint2_transparent_cluster_1, sprint2_second_timed_cluster_1,
          sprint2_sniper_area_1, sprint2_heavy_combat_area_1,
          sprint2_mutation_trap_area_1, sprint2_forest_area_1,
          sprint2_light_combat_area_1, sprint2_behind_water_1,
          sprint2_near_end_vault_1]

Skill      XL: |  1  2  3  4  5  6  7  8 |
---------------+-------------------------+-----
Fighting       | 6 7 8 9 |  9.8
Maces & Flails | 5 6 7 9 11 | 11.4
Armour         | 6 7 8 9 |  9.8
Shields        | 6 7 8 10 12 | 12.6

Action                   |  1- 3 |  4- 6 |  7- 9 || total
-------------------------+-------+-------+-------++-------
Melee: Flail             |     8 |    24 |    99 ||   131
  Use: Potion            |     1 |     3 |     2 ||     6
       Scroll            |       |       |     6 ||     6
 Stab: Invisible         |       |       |     2 ||     2
Armor: Scale mail        |     1 |     6 |    33 ||    40
Dodge: Dodged            |     1 |     7 |    33 ||    41
Block: Kite shield       |     2 |     9 |    49 ||    60

Table legend: (Time is in decaauts)
 A = Elapsed time spent in this place.
 B = Non-inter-level travel time spent in this place.
 C = Inter-level travel time spent in this place.
 D = Time resting spent in this place.
 E = Time spent auto-exploring this place.
 F = Levels seen in this place.
 G = Mean time per level.
                   A        B        C        D        E       F      G
               +--------+--------+--------+--------+--------+-----+--------+
         Total |   1182 |   1179 |      3 |    541 |    221 |   1 | 1182.0 |
       Dungeon |   1182 |   1179 |      3 |    541 |    221 |   1 | 1182.0 |
               +--------+--------+--------+--------+--------+-----+--------+

Top non-repeatable levels by time:
       D: 1182 daAuts
